 Dungeon Crawl Stone Soup version 0.32-a0-928-g1cae6b7ea0 (webtiles) character file.

Game seed: 10695345655117936100

401 adept the Chopper (level 6, -1/50 HPs)
             Began as a Coglin Berserker on Apr 12, 2024.
             Was a Believer of Trog.
             Slain by a sleepcap (5 damage)
             ... on level 4 of the Dungeon.
             The game lasted 00:04:52 (3011 turns).

adept the Chopper (Coglin Berserker)                Turns: 3011, Time: 00:04:53

Health: -1/50      AC:  7    Str: 20    XL:     6   Next: 85%
Magic:  6/6        EV: 10    Int:  6    God:    Trog [**....]
Gold:   166        SH:  0    Dex: 13    Spells: 5/5 levels left

rFire   . . .        a - +0 hand axe {Izel}
rCold   . . .        p - +0 hand axe {Hong}
rNeg    . . .        o - +0 ring mail
rPois   .            u - +0 helmet
rElec   .            (no cloak)
rCorr   .            (no gloves)
SInv    .            q - +0 pair of boots
Will    .....        (amulet unavailable)
Stlth   +            (ring unavailable)
HPRegen 0.28/turn    (ring unavailable)
MPRegen 0.10/turn    (no gizmo)

%: no passive effects
@: on berserk cooldown, slowed, revved, very slow
A: off-hand wielding, slow wielding, warmup strikes, no jewellery
a: Invent Gizmo, Renounce Religion, Berserk, Trog's Hand


You were on level 4 of the Dungeon.
You worshipped Trog.
Trog was pleased with you.
You visited 1 branch of the dungeon, and saw 4 of its levels.

You collected 166 gold pieces.


Innate Abilities, Weirdness & Mutations

You can wield a second weapon in your off-hand.
It takes a long time for you to wield or remove held weapons.
Your first few attacks do less damage.
You cannot equip rings or amulets.


   Skills:
 + Level 4.9 Fighting
 * Level 6.3 Axes
 - Level 1.7 Armour
 - Level 1.7 Dodging


You had 5 spell levels left.
You didn't know any spells.
Your spell library contained the following spells:

 Spells                   Type           Power      Damage    Failure   Level
 Apportation              Tloc           0%         N/A       63%         1
 Jinxbite                 Hex            0%         N/A       77%         2
 Static Discharge         Conj/Air       0%         3-3/arc   77%         2
 Dazzling Flash           Conj/Hex       0%         N/A       94%         3
 Mephitic Cloud           Conj/Alch/Air  0%         N/A       94%         3
 Airstrike                Air            0%         2d(0-16)  100%        4
 Anguish                  Hex/Necr       0%         N/A       100%        4
 Cause Fear               Hex            0%         N/A       100%        4
 Summon Lightning Spire   Summ/Air       0%         N/A       100%        4
 Alistair's Intoxication  Alch           0%         N/A       100%        5
 Curse of Agony           Necr           0%         N/A       100%        5
 Freezing Cloud           Conj/Ice/Air   0%         6-21      100%        5
 Silence                  Hex/Air        0%         N/A       100%        5
 Dispersal                Tloc           0%         N/A       100%        6
 Enfeeble                 Hex            0%         N/A       100%        7
 Spellforged Servitor     Conj/Summ      0%         N/A       100%        7

Inventory:

Hand Weapons
 a - a +0 hand axe (weapon) {Izel}
 c - a +0 dagger {Gustavo}
 p - a +0 hand axe (offhand) {Hong}
   (You found it on level 1 of the Dungeon)
 s - a +1 heavy mace
   (You found it on level 2 of the Dungeon)
Missiles
 i - 23 stones (quivered)
Armour
 b - a +0 animal skin
 o - a +0 ring mail (worn)
   (You found it on level 2 of the Dungeon)
 q - a +0 pair of boots (worn)
   (You found it on level 2 of the Dungeon)
 u - a +0 helmet (worn)
   (You found it on level 3 of the Dungeon)
Scrolls
 e - 2 scrolls of poison {unknown}
 f - a scroll of enchant armour {unknown}
 g - a scroll of amnesia {unknown}
 h - a scroll of enchant weapon {unknown}
 k - 2 scrolls of teleportation {unknown}
 t - a scroll of immolation {unknown}
Potions
 d - 3 potions of curing {@q1}
 j - 3 potions of attraction {!q}
 l - a potion of enlightenment {unknown}
 m - a potion of degeneration {unknown}
 n - a potion of ambrosia {unknown}
 r - a potion of might {unknown}
 v - a potion of heal wounds {@q2}

Dungeon Overview and Level Annotations

Branches:
Dungeon (4/15) Zot: 20944
 Temple: D:4-7

Altars:
Dithmenos
Kikubaaqudgha

# #.##### ...... ######
......## .....#####
#..###.)### ...........
...#.'.f)##. ............
.###.###@# ... ..........
.#..:..#w##.#.#####.#..##
.###.###....#....#..#.###
#.#...#######.#.......
..###...........#...####
#...........####.......#
#...........# #.......#
#...........####..######
#...........##.......#..


You could see a sleepcap and a ribbon worm (catching breath).


Message History

You closely miss something with your +0 hand axe.
You closely miss the orc wizard with your +0 hand axe.
You hit something but do no damage. The orc wizard closely misses you.
Something hits you but does no damage.
The orc wizard hits you with a +0 dagger.
* * * LOW HITPOINT WARNING * * *
Something hits you but does no damage. 😨 HP[-1]
You take 1 damage, and now have 15/50 hp.
You miss the orc wizard with your +0 hand axe.
You hit something with your +0 hand axe.
You closely miss the orc wizard with your +0 hand axe.
You barely miss something with your +0 hand axe.
Something hits you but does no damage.
The orc wizard hits you but does no damage. 😨 HP[+2]
You regained 2 hp, and now have 17/50 hp.
You closely miss the orc wizard with your +0 hand axe.
You miss something with your +0 hand axe.
You completely miss the orc wizard with your +0 hand axe.
You hit something but do no damage. Something hits you but does no damage.
The orc wizard hits you but does no damage.
The orc wizard gestures wildly while chanting.
The orc wizard flickers and vanishes!
You hear some strange, mumbled words.
A magic dart appears from out of thin air!
The magic dart hits you.
* * * LOW HITPOINT WARNING * * *
😨 HP[-1]
You take 1 damage, and now have 16/50 hp.
You miss something with your +0 hand axe.
You hit something but do no damage.
You miss something with your +0 hand axe.
You hit something but do no damage. Something hits you but does no damage.
Something hits you.
* * * LOW HITPOINT WARNING * * *
😨 HP[+1]
You miss something with your +0 hand axe.
You barely miss something with your +0 hand axe.
You hit something with your +0 hand axe.
You miss something with your +0 hand axe.
Something hits you but does no damage. Something hits you.
* * * LOW HITPOINT WARNING * * *
A ribbon worm comes into view.
Something hits you but does no damage. Something hits you.
* * * LOW HITPOINT WARNING * * *
😨 HP[-2]
You take 2 damage, and now have 15/50 hp.
You hit something with your +0 hand axe.
Trog accepts your kill.
Trog appreciates your killing of a magic user.
Reactivating autopickup.
You feel a bit more experienced.
You hit something with your +0 hand axe. x2
Trog accepts your kill.
Trog appreciates your killing of a magic user.
You feel a bit more experienced.
You feel the effects of Trog's Hand fading. 😨 HP[+2]
You regained 2 hp, and now have 17/50 hp.
You hit the endoplasm with your +0 hand axe.
You hit the ribbon worm with your +0 hand axe.
You hit the sleepcap but do no damage.
You hit the endoplasm with your +0 hand axe.
You hit the ribbon worm with your +0 hand axe.
You hit the sleepcap but do no damage.
The sleepcap releases spores at you but does no damage.
The endoplasm barely misses you.
The ribbon worm expels a string of sticky webbing.
The stream of webbing hits you but does no damage.
You are caught in a web! 😨 HP[+2]
You regained 2 hp, and now have 19/50 hp.
The web tears apart.
The endoplasm freezes you.
You are frozen.
* * * LOW HITPOINT WARNING * * *
The sleepcap releases spores at you.
* * * LOW HITPOINT WARNING * * *
The ribbon worm bites you.
* * * LOW HITPOINT WARNING * * *
The endoplasm freezes you.
You are frozen.
* * * LOW HITPOINT WARNING * * *
The sleepcap releases spores at you but does no damage.
The ribbon worm expels a string of sticky webbing.
The stream of webbing misses you.
The stream of webbing hits the endoplasm but does no damage. 😱 HP[-15]
You take 15 damage, and now have 4/50 hp.
MASSIVE DAMAGE!! (PAUSE)
You hit the endoplasm with your +0 hand axe.
You kill the endoplasm!
Trog accepts your kill.
You hit the sleepcap with your +0 hand axe.
You hit the ribbon worm with your +0 hand axe. x2
You hit the sleepcap with your +0 hand axe.
Your skin stops crawling.
You feel less strong-willed. The sleepcap releases spores at you.
You die...

Skill      XL: |  1  2  3  4  5  6 |
---------------+-------------------+-----
Axes           | 4 5 6 |  6.3
Fighting       | 4 |  4.9
Armour         | |  1.7
Dodging        | |  1.7

Action                     |  1- 3 |  4- 6 || total
---------------------------+-------+-------++-------
  Melee: Dagger            |    48 |       ||    48
         Hand axe          |   116 |   103 ||   219
  Throw: Stone             |     4 |       ||     4
 Invoke: Berserk           |       |     3 ||     3
         Trog's Hand       |       |     1 ||     1
    Use: Scroll            |       |     3 ||     3
   Stab: Sleeping          |     1 |       ||     1
 Armour: Animal skin       |    38 |       ||    38
         Ring mail         |    27 |    77 ||   104
  Dodge: Dodged            |    30 |    29 ||    59

Levels and vault maps discovered:
D:1:      evilmike_arrival_plus, layout_loops_corners, amethyst_killhole,
          minmay_misc_feat_x, minmay_tetromino_i4
D:2:      layout_rooms
D:3:      layout_loops_ring, mainiacjoe_overflow_divided_tiny,
          hellmonk_ecumenical_altar_arch_garden, hangedman_decor_clover_reticule
D:4:      layout_basic, hangedman_abyss_or_decor_stagger,
          minmay_a_box_with_orc_wizards_in_it

Notes
Turn   | Place    | Note
-------+----------+-------------------------------------------
     0 | D:1      | adept the Coglin Berserker began the quest for the Orb.
     0 | D:1      | Reached XP level 1. HP: 18/18 MP: 1/1
     0 | D:1      | magus.rc [v1.11.6]
   211 | D:1      | You add the spells Dazzling Flash, Mephitic Cloud, Curse of
                  | Agony and Silence to your library.
   354 | D:1      | Reached XP level 2. HP: 24/24 MP: 2/2
  1168 | D:2      | Reached XP level 3. HP: 10/29 MP: 3/3
  1386 | D:2      | You add the spells Static Discharge, Airstrike and Summon
                  | Lightning Spire to your library.
  1588 | D:2      | Reached skill level 4 in Axes
  1671 | D:2      | Reached ** piety under Trog
  1802 | D:3      | You add the spells Apportation, Jinxbite and Alistair's
                  | Intoxication to your library.
  1868 | D:3      | Found a faded altar of an unknown god.
  2118 | D:3      | Reached XP level 4. HP: 26/37 MP: 4/4
  2173 | D:3      | You add the spells Freezing Cloud, Dispersal and
                  | Spellforged Servitor to your library.
  2173 | D:3      | Got the Book of the Blinking Fifth Circle {forbidden}
  2433 | D:3      | Found a shadowy altar of Dithmenos.
  2434 | D:3      | Found an ancient bone altar of Kikubaaqudgha.
  2687 | D:4      | Noticed a bullfrog
  2693 | D:4      | Killed a bullfrog
  2694 | D:4      | Reached skill level 4 in Fighting
  2694 | D:4      | Reached XP level 5. HP: 42/42 MP: 5/5
  2794 | D:4      | Noticed an ice beast
  2799 | D:4      | Reached skill level 5 in Axes
  2805 | D:4      | Killed an ice beast
  2806 | D:4      | Reached XP level 6. HP: 23/49 MP: 6/6
  2946 | D:4      | You add the spells Anguish, Cause Fear and Enfeeble to your
                  | library.
  2985 | D:4      | Reached skill level 6 in Axes
  3010 | D:4      | HP: 12/50 [sleepcap (4)]
  3010 | D:4      | HP: 4/50 [frozen (5)]
  3011 | D:4      | Slain by a sleepcap

Vanquished Creatures
  An ice beast (D:4)
  A bullfrog (D:4)
  A hound (D:4)
  6 orc wizards (D:4)
  2 adders
  A dart slug (D:1)
  2 orcs (D:3)
  4 bats
  2 endoplasms
  A giant cockroach (D:2)
  9 goblins
  8 hobgoblins
  2 quokkas
  7 ball pythons
  4 frilled lizards
  5 kobolds
  6 rats
62 creatures vanquished.

Table legend:
 A = Non-vault XP
 B = Vault XP
 C = Vault XP percentage of total XP
 D = Non-vault monster count
 E = Vault monster count
 F = Vault count percentage of total count
                 A         B        C        D         E       F
            +---------+---------+-------+---------+---------+-------
      Total |     358 |     217 |  37.7 |      52 |      10 |  16.1
            +---------+---------+-------+---------+---------+-------
        D:1 |      16 |       4 |  20.0 |      11 |       4 |  26.7
        D:2 |      36 |       0 |   0.0 |      14 |       0 |   0.0
        D:3 |      48 |       0 |   0.0 |      21 |       0 |   0.0
        D:4 |     258 |     213 |  45.2 |       6 |       6 |  50.0
            +---------+---------+-------+---------+---------+-------

Skill      XL: |  1  2  3  4  5  6 |
---------------+-------------------+-----
Axes           | 4 5 6 |  6.3
Fighting       | 4 |  4.9
Armour         | |  1.7
Dodging        | |  1.7

Action                     |  1- 3 |  4- 6 || total
---------------------------+-------+-------++-------
  Melee: Dagger            |    48 |       ||    48
         Hand axe          |   116 |   103 ||   219
  Throw: Stone             |     4 |       ||     4
 Invoke: Berserk           |       |     3 ||     3
         Trog's Hand       |       |     1 ||     1
    Use: Scroll            |       |     3 ||     3
   Stab: Sleeping          |     1 |       ||     1
 Armour: Animal skin       |    38 |       ||    38
         Ring mail         |    27 |    77 ||   104
  Dodge: Dodged            |    30 |    29 ||    59

Illustrated notes

Table legend:
 A = Kills in this place as a percentage of kills in the entire game.
 B = Kills by you in this place as a percentage of kills by you in the entire game.
 C = Kills by friends in this place as a percentage of kills by friends in the entire game.
 D = Other kills in this place as a percentage of other kills in the entire game.
 E = Experience gained in this place as a percentage of experience gained in the entire game.
 F = Experience gained in this place divided by the number of levels of this place that you have seen.
                   A       B       C       D       E      F
               +-------+-------+-------+-------+-------+----------------------
         Total | 100.0 | 100.0 |   N/A |   N/A | 100.0 | 143.8
       Dungeon | 100.0 | 100.0 |   N/A |   N/A | 100.0 | 143.8
               +-------+-------+-------+-------+-------+----------------------

Table legend: (Time is in decaauts)
 A = Elapsed time spent in this place.
 B = Non-inter-level travel time spent in this place.
 C = Inter-level travel time spent in this place.
 D = Time resting spent in this place.
 E = Time spent auto-exploring this place.
 F = Levels seen in this place.
 G = Mean time per level.
                   A        B        C        D        E       F      G
               +--------+--------+--------+--------+--------+-----+--------+
         Total |   3053 |   2880 |    173 |     48 |   2419 |   4 |  763.2 |
       Dungeon |   3053 |   2880 |    173 |     48 |   2419 |   4 |  763.2 |
               +--------+--------+--------+--------+--------+-----+--------+

Top non-repeatable levels by time:
     D:1: 1093 daAuts
     D:3: 896 daAuts
     D:2: 702 daAuts
     D:4: 361 daAuts
